 Dungeon Crawl Stone Soup version 0.17-a0-1508-ge7f3dc3 (webtiles) character file.

574 urechis the Grappler (level 7, -6/52 HPs)
             Began as a Troll Monk on July 10, 2015.
             Killed from afar by a wretched star (22 damage)
             ... with an orb of energy
             ... on level 1 of the Abyss.
             The game lasted 00:07:40 (3325 turns).

urechis the Grappler (Troll Monk)                   Turns: 3325, Time: 00:07:40

Health: -6/52      AC:  5    Str: 22      XL:     7   Next: 12%
Magic:  6/6        EV: 10    Int:  4 (6)  God:
Gold:   174        SH:  0    Dex: 12      Spells: 0 memorised, 6 levels left

rFire  . . .     SeeInvis .       - Unarmed
rCold  . . .     Clarity  .     a - +0 robe
rNeg   . . .     SustAt   .     (no shield)
rPois  +         Gourm    +     (helmet restricted)
rElec  .         Spirit   .     (no cloak)
rCorr  .         Warding  .     (gloves unavailable)
rMut   .         Stasis   +     (boots unavailable)
MR     .....                    r - amulet of stasis
Stlth  +.........               (no ring)
                                q - ring of poison resistance

@: not resistant to hostile enchantments, very unstealthy
A: unfitting armour, claws 3, berserk 1, blurry vision 1, deterioration 1, fast
metabolism 3, frail 2, gourmand, regeneration 2, shaggy fur 1, tough skin 2, no
device heal 1, subdued magic 2
a: no special abilities


You were on level 1 of the Abyss.
You were very full.

You visited 1 branch of the dungeon, and saw 5 of its levels.
You visited the Abyss 1 time.

You collected 174 gold pieces.

Inventory:

Missiles
 o - 7 poisoned needles
 u - 11 tomahawks (quivered)
 w - a throwing net
Armour
 a - a +0 robe (worn)
Jewellery
 q - a ring of poison resistance (left claw)
 r - an amulet of stasis (around neck)
Magical devices
 y - a wand of polymorph (10)
Scrolls
 d - 2 scrolls of recharging {unknown}
 e - a scroll of immolation {unknown}
 g - 2 scrolls of remove curse {unknown}
 p - 4 scrolls of noise {unknown}
 t - a scroll of enchant weapon {unknown}
 v - 4 scrolls of identify {unknown}
Potions
 c - 3 potions of heal wounds {unknown}
 h - a potion of mutation {unknown}
 i - a potion of agility {unknown}
 k - a potion of invisibility {unknown}
 l - a potion of degeneration {unknown}
 n - a potion of resistance
 s - a potion of flight {unknown}
 x - a potion of berserk rage {unknown}
 A - a potion of curing {unknown}
Comestibles
 b - 6 bread rations
 f - 5 meat rations
 j - 2 slices of pizza
 m - a royal jelly
 z - 2 chunks of flesh


   Skills:
 - Level 2.4 Fighting
 - Level 2.4 Dodging
 - Level 1.1 Stealth
 + Level 8.7 Unarmed Combat


You had 6 spell levels left.
You didn't know any spells.

Dungeon Overview and Level Annotations

Branches:
Dungeon (5/15)
 Temple: D:4-7

Altars:
Gozag
Trog

Shops:
D:5 *


Innate Abilities, Weirdness & Mutations

You are too large for most types of armour.
You have claws for hands.
Your metabolism is lightning-fast.
You like to eat raw meat.
You heal very quickly.
You are covered in fur (AC +1).
You have very tough skin (AC +2).
[You tend to lose your temper in combat.]
[Scrolls take you a little longer to read.]
[Your body sometimes deteriorates upon taking damage.]
[You are very frail (-20% HP).]
[Potions and wands are less effective at restoring your health.]
[Your spells are easier to cast, but less powerful.]


Message History

A wretched star comes into view.
The wretched star pulses with an eldritch light!
Your vision blurs.
Your system partially rejects artificial healing.
Your connection to magic feels subdued.
You feel a little pissed off.
Found 19 stones.
The wretched star pulses with an eldritch light!
Your connection to magic feels more subdued.
You feel frail.
You feel yourself wasting away.
You feel frail.
The wretched star glows turbulently.
The orb of energy hits you!
Your body deteriorates!
You feel dopey.
The orb of energy explodes!
The wretched star glows turbulently.
The orb of energy hits you!
* * * LOW HITPOINT WARNING * * *
Your body deteriorates!
You feel dopey.
The wretched star glows turbulently.
The orb of energy hits you!
You die...

##...# ... ## ##. ###
.. ..# #.### #.
..#.## .###.#
.ยง.(#..#...###.#####
#...#....##...#..# #
...####......# #.##
.#..#.....# # #.#.#
#....## #.. # *
##.#.#@.# ..
#.#....##..#..# .#.
#..#..###.###..# .#
### #...#*#.# ... #.
##.#.##.##### ##
##..#...# .
##.##....# ..# .#.#.
#.# # .#


You could see a wretched star.

Vanquished Creatures
  An ogre (D:4)
  Blork the orc (D:4)
  A scorpion (D:5)
  2 orc priests (D:4)
  A centaur skeleton (D:4)
  An iguana (D:4)
  A worker ant (D:5)
  A hound skeleton (D:4)
  7 gnolls
  4 adders
  A shadow imp (D:4)
  An ooze (D:3)
  A worm (D:2)
  5 giant geckos
  5 orcs (D:4)
  A ball python (D:2)
  9 bats
  8 goblins
  7 hobgoblins
  4 jackals
  3 quokkas
  7 giant cockroaches
  A giant gecko skeleton (D:5)
  5 giant newts
  9 kobolds
  13 rats
100 creatures vanquished.

Notes
Turn   | Place    | Note
--------------------------------------------------------------
     0 | D:1      | urechis the Troll Monk began the quest for the Orb.
     0 | D:1      | Reached XP level 1. HP: 22/22 MP: 0/0
   191 | D:1      | Reached XP level 2. HP: 29/29 MP: 1/1
   617 | D:2      | Reached skill level 5 in Unarmed Combat
   617 | D:2      | Reached XP level 3. HP: 32/36 MP: 2/2
   726 | D:2      | Reached XP level 4. HP: 42/44 MP: 3/3
  1151 | D:2      | Noticed a moth of wrath
  1154 | D:2      | Found a bloodstained altar of Trog.
  1499 | D:3      | Reached skill level 6 in Unarmed Combat
  2036 | D:4      | Reached XP level 5. HP: 47/50 MP: 4/4
  2187 | D:4      | Noticed Blork the orc
  2195 | D:4      | Killed Blork the orc
  2195 | D:4      | Reached skill level 7 in Unarmed Combat
  2550 | D:4      | Reached XP level 6. HP: 55/59 MP: 5/5
  2567 | D:4      | Noticed an ogre
  2572 | D:4      | Killed an ogre
  2751 | D:4      | Reached skill level 8 in Unarmed Combat
  2993 | D:5      | Entered Level 5 of the Dungeon
  2996 | D:5      | Reached XP level 7. HP: 66/66 MP: 6/6
  3065 | D:5      | Found Gozag's Platinum Reserve.
  3065 | D:5      | Found an opulent altar of Gozag.
  3258 | D:5      | Cast into the Abyss (gnoll sergeant)
  3306 | Abyss:1  | Noticed a wretched star
  3325 | Abyss:1  | Killed from afar by a wretched star

Vault maps used:
D:1:      scummos_arrival_star
D:2:      tgw_trog
D:3:      first_bread, minmay_misc_feat_alley
D:4:      minmay_misc_feat_chi, uniq_blork_the_orc
D:5:      nicolae_gozag_zags_fifth_avenue, elyvilon_altar_4, amalloy_card_club

Action                   |  1- 3 |  4- 6 |  7- 9 || total
-------------------------+-------+-------+-------++-------
Melee: Unarmed           |    87 |   149 |    29 ||   265
 Stab: Sleeping          |     2 |     6 |     2 ||    10
       Distracted        |       |     1 |       ||     1
  Eat: Chunk             |    11 |    18 |     6 ||    35
